 Dungeon Crawl Stone Soup version 0.18-a0-1243-g9e52518 (webtiles) character file.

2920 Lathuz the Infuser (level 9, -11/47 HPs)
             Began as a Deep Elf Conjurer on Feb 5, 2016.
             Was a Follower of Vehumet.
             Mangled by namelastname112's ghost (15 damage)
             ... on level 8 of the Dungeon.
             The game lasted 00:28:02 (11331 turns).

Lathuz the Infuser (Deep Elf Conjurer)             Turns: 11331, Time: 00:28:03

Health: -11/47     AC:  2    Str:  5    XL:     9   Next: 50%
Magic:  9/20       EV: 12    Int: 24    God:    Vehumet [*.....]
Gold:   404        SH:  0    Dex: 15    Spells: 3 memorised, 12 levels left

rFire  . . .     SeeInvis .     r - +4 hand axe
rCold  + . .     Gourm    .     a - +0 robe
rNeg   . . .     Faith    .     (no shield)
rPois  .         Spirit   .     (no helmet)
rElec  .         Dismiss  .     (no cloak)
rCorr  .         Reflect  .     (no gloves)
SustAt .         Harm     .     (no boots)
MR     .....                    v - amulet of regeneration
Stlth  +++.......               u - ring of stealth
                                h - ring of protection from cold

@: drained, not resistant to hostile enchantments, fairly stealthy
A: no striking features
a: Renounce Religion


You were on level 8 of the Dungeon.
You worshipped Vehumet.
Vehumet was aware of your devotion.
You were very hungry.

You visited 2 branches of the dungeon, and saw 9 of its levels.

You collected 404 gold pieces.

Inventory:

Hand Weapons
 r - a +4 hand axe (weapon)
Armour
 a - a +0 robe (worn)
Jewellery
 h - a ring of protection from cold (left hand)
 u - a ring of stealth (right hand)
 v - an amulet of regeneration (around neck)
Wands
 e - a wand of enslavement (4/24)
Scrolls
 d - 9 scrolls of identify
 i - 2 scrolls of remove curse
 j - 2 scrolls of teleportation
 l - a scroll of enchant weapon {unknown}
 o - a scroll of magic mapping {unknown}
 y - a scroll of recharging {unknown}
 C - 2 scrolls of blinking {unknown}
Potions
 f - 3 potions of ambrosia
 g - 3 potions of might {unknown}
 k - 2 potions of curing {unknown}
 m - 2 potions of flight {unknown}
 n - a potion of heal wounds {unknown}
 s - a potion of magic {unknown}
 z - a potion of resistance {unknown}
 B - 2 potions of agility {unknown}
Books
 b - a book of Conjurations

   Spells                             Type                      Level
   a - Magic Dart                     Conjuration                  1
   b - Searing Ray                    Conjuration                  2
   c - Dazzling Spray                 Conjuration/Hexes            3
   d - Fulminant Prism                Conjuration/Hexes            4
   e - Iskenderun's Mystic Blast      Conjuration                  4
   f - Iskenderun's Battlesphere      Conjuration/Charms           5
Comestibles
 c - 8 bread rations
 p - 5 fruits
 q - 4 meat rations
 t - 3 slices of pizza
 w - 8 beef jerkies
 x - a royal jelly


   Skills:
 - Level 1.4(0.8) Fighting
 - Level 2.4(1.8) Dodging
 - Level 2.4(1.8) Stealth
 + Level 6.4(5.7) Spellcasting
 - Level 10.4(9.6) Conjurations
 - Level 11.9(11.1) Charms


You had 12 spell levels left.
You knew the following spells:

 Your Spells              Type           Power        Failure   Level  Hunger
a - Magic Dart            Conj           ####         1%          1    None
b - Searing Ray           Conj           ######       1%          2    None
c - Iskenderun's Battles  Conj/Chrm      ######..     3%          5    #####..


Dungeon Overview and Level Annotations

Branches:
Dungeon (8/15)             Temple (1/1) D:6
   Lair: D:8-11

Altars:
Ashenzari
Cheibriados
Dithmenos
Elyvilon
Fedhas
Gozag
Kikubaaqudgha
Makhleb
Nemelex Xobeh
Okawaru
Pakellas
Qazlal
Ru
Sif Muna
Trog
Vehumet
Xom
Yredelemnul
Zin
The Shining One

Shops:
D:7 *

Annotations:
D:8 namelastname112's ghost, novice DrGl


Message History

The searing ray hits namelastname112's ghost.
Namelastname112's ghost is lightly damaged.
Your battlesphere fires!
The barrage of energy hits namelastname112's ghost.
Namelastname112's ghost is moderately damaged.
Namelastname112's ghost breathes negative energy at you.
The bolt of negative energy hits you!
You feel drained.
Ouch! That really hurt!
* * * LOW HITPOINT WARNING * * *
The searing ray hits namelastname112's ghost.
Namelastname112's ghost is moderately damaged.
Your battlesphere fires!
The barrage of energy hits the gnoll.
You kill the gnoll!
Vehumet accepts your kill.
Your battlesphere expends the last of its energy and dissipates.
Namelastname112's ghost closely misses you.
The searing ray misses namelastname112's ghost.
Namelastname112's ghost hits you!
You die...

##...##
##.....##
#.......###
#..†......
#.....§.#
#..g..#
#.W..# #@#
#.# #.# ..#
... #..#
#... ....


You could see namelastname112's ghost and a gnoll.

Vanquished Creatures
  Pikel (D:6)
  Sigmund (D:6)
  A hippogriff (D:7)
  Menkaure (D:5)
  A slave (D:6)
  5 ogres
  A phantom (D:6)
  Blork the orc (D:5)
  5 giant frogs
  A scorpion (D:7)
  6 crimson imps
  A quasit (D:7)
  A giant frog skeleton (D:7)
  3 jellies
  An orc priest (D:3)
  5 hounds (D:7)
  5 iguanas
  5 worker ants
  Ijyb (D:3)
  A hound zombie (D:5)
  7 adders
  10 gnolls
  2 shadow imps
  6 worms
  7 giant geckos
  14 orcs
  10 giant cockroaches
  7 goblins
  7 hobgoblins
  3 jackals (D:3)
  5 quokkas
  2 ball pythons
  8 bats
  A giant gecko skeleton (D:5)
  3 giant newts
  13 kobolds
  10 rats
162 creatures vanquished.

Notes
Turn   | Place    | Note
--------------------------------------------------------------
     0 | D:1      | Lathuz the Deep Elf Conjurer began the quest for the Orb.
     0 | D:1      | Reached XP level 1. HP: 10/10 MP: 6/6
    56 | D:1      | Found a glowing golden altar of the Shining One.
   810 | D:1      | Reached XP level 2. HP: 15/15 MP: 6/8
   902 | D:1      | Reached skill level 5 in Conjurations
  1128 | D:1      | Learned a level 2 spell: Searing Ray
  1586 | D:2      | Reached XP level 3. HP: 19/19 MP: 3/9
  1904 | D:2      | Found a glowing silver altar of Zin.
  2505 | D:2      | Reached skill level 6 in Conjurations
  2510 | D:2      | Reached XP level 4. HP: 18/24 MP: 3/10
  3486 | D:3      | Found a burning altar of Makhleb.
  3626 | D:3      | Noticed Ijyb
  3709 | D:3      | Killed Ijyb
  4041 | D:3      | Reached skill level 7 in Conjurations
  4041 | D:3      | Reached XP level 5. HP: 28/28 MP: 7/11
  4078 | D:3      | Learned a level 5 spell: Iskenderun's Battlesphere
  4277 | D:3      | Reached skill level 1 in Charms
  5382 | D:4      | Reached XP level 6. HP: 28/32 MP: 8/12
  5561 | D:4      | Found a glowing golden altar of the Shining One.
  5563 | D:4      | Found a bloodstained altar of Trog.
  6262 | D:5      | Entered Level 5 of the Dungeon
  6590 | D:5      | Reached skill level 5 in Charms
  6829 | D:5      | Noticed Blork the orc
  6835 | D:5      | Killed Blork the orc
  6940 | D:5      | Reached XP level 7. HP: 36/36 MP: 7/13
  7262 | D:5      | Reached skill level 8 in Conjurations
  7345 | D:5      | Noticed Menkaure
  7351 | D:5      | Killed Menkaure
  8232 | D:6      | Noticed Sigmund
  8238 | D:6      | Killed Sigmund
  8238 | D:6      | Reached XP level 8. HP: 28/41 MP: 5/14
  8384 | D:6      | Reached skill level 9 in Charms
  8554 | D:6      | Found a staircase to the Ecumenical Temple.
  8560 | Temple   | Entered the Ecumenical Temple
  8868 | D:6      | Reached skill level 10 in Charms
  9183 | D:6      | Noticed Pikel
  9188 | D:6      | Killed Pikel
  9188 | D:6      | Reached skill level 11 in Charms
  9188 | D:6      | Reached XP level 9. HP: 45/45 MP: 2/15
  9285 | D:6      | Found a blossoming altar of Fedhas.
  9285 | D:6      | Found a sacrificial altar of Ru.
  9287 | D:6      | Found a white marble altar of Elyvilon.
  9288 | D:6      | Found a radiant altar of Vehumet.
  9292 | D:6      | Became a worshipper of Vehumet
  9481 | D:7      | Reached skill level 10 in Conjurations
  9482 | D:7      | Reached skill level 1 in Fighting
  9491 | D:7      | Found Foaf's Fabulous Fripperies.
 10844 | D:7      | Reached skill level 5 in Spellcasting
 11326 | D:8      | Reached * piety under Vehumet
 11326 | D:8      | Offered knowledge of Flame Tongue by Vehumet.
 11328 | D:8      | Noticed namelastname112's ghost (novice DrGl)
 11331 | D:8      | Mangled by namelastname112's ghost

Vault maps used:
D:1:      lemuel_arrival_muddy, serial_bayou_pond_c, tso_altar
D:2:      marbit_many_paths
D:3:      lemuel_round_altar, first_bread, uniq_iyjb
D:4:      nicolae_overflow_hidden_temple
D:5:      portal_sewer_entry_f, uniq_blork_the_orc, uniq_menkaure
D:6:      minitemple, minmay_temple_entry_fiery, uniq_sigmund, uniq_pikel
D:7:      grunt_ogre_cave, nicolae_alphabet_shops
D:8:      fedhas_altar_2, uniq_grum
Temple:   eino_temple_water_12

Action                   |  1- 3 |  4- 6 |  7- 9 || total
-------------------------+-------+-------+-------++-------
Melee: Unarmed           |    29 |       |       ||    29
       Hand axe          |       |     3 |     3 ||     6
 Cast: Magic Dart        |    66 |   106 |   129 ||   301
       Searing Ray       |     2 |    27 |    15 ||    44
       Iskenderun's Batt |       |       |    18 ||    18
  Use: Scroll            |       |     7 |       ||     7
  Eat: Bread ration      |     1 |       |       ||     1
       Meat ration       |       |     2 |       ||     2
       Chunk             |       |     5 |    18 ||    23
       Fruit             |       |       |     1 ||     1
